 Dungeon Crawl Stone Soup version 0.22.0-60-ga52c2fcf6e (webtiles) character file.

611 JedernureinKreuz the Conjurer (level 7, -1/51 HPs)
             Began as a Gnoll Conjurer on Sept 9, 2018.
             Was an Initiate of Sif Muna.
             Slain by Pikel
             ... wielding a +1 whip of flaming
              (3 damage)
             ... on level 4 of the Dungeon.
             The game lasted 00:19:27 (4518 turns).

JedernureinKreuz the Conjurer (Gnoll Conjurer)      Turns: 4518, Time: 00:19:28

Health: -1/51      AC: 11    Str: 10    XL:     7   Next: 44%
Magic:  0/15       EV: 14    Int: 20    God:    Sif Muna [......]
Gold:   291        SH:  0    Dex: 15    Spells: 9/17 levels left

rFire    . . .     SeeInvis .   y - +0 mace (protect)
rCold    + + .     Gourm    +   (no shield)
rNeg     . . .     Faith    .   m - +0 leather armour
rPois    .         Spirit   .   (no helmet)
rElec    .         Reflect  .   F - +0 cloak
rCorr    .         Harm     .   (no gloves)
MR       .....                  (no boots)
Stlth    +++.......             l - amulet of the gourmand
HPRegen  0.17/turn              i - ring of protection from cold
MPRegen  0.14/turn              D - ring of protection from cold

@: protection aura
A: distributed training, fangs 1, strong nose
a: Renounce Religion


You were on level 4 of the Dungeon.
You worshipped Sif Muna.
Sif Muna was noncommittal.
You were not hungry.

You visited 2 branches of the dungeon, and saw 6 of its levels.

You collected 291 gold pieces.

Inventory:

Hand Weapons
 f - a +0 club
 j - a +0 short sword
 v - a +0 blowgun
 y - a +0 mace of protection (weapon)
Missiles
 b - 230 stones
 d - 51 sling bullets
 h - 76 arrows
 w - 15 poisoned needles
 z - 7 tomahawks (quivered)
Armour
 a - a +0 robe
 m - a +0 leather armour (worn)
 F - a +0 cloak (worn)
Jewellery
 i - a ring of protection from cold (left hand)
 l - an amulet of the gourmand (around neck)
 D - a ring of protection from cold (right hand)
Wands
 o - a wand of iceblast (7)
Scrolls
 e - a scroll of fear {unknown}
 g - a scroll of blinking
 p - a scroll of identify
 q - a scroll of enchant armour {unknown}
 r - a scroll of teleportation
Potions
 k - 2 potions of degeneration {unknown}
 n - a potion of berserk rage {unknown}
 s - 2 potions of haste
 t - a potion of agility
 u - 2 potions of heal wounds {unknown}
 x - a potion of flight {unknown}
 A - a potion of magic {unknown}
 C - a potion of might {unknown}
 E - a potion of ambrosia {unknown}
Comestibles
 c - 7 rations


   Skills:
 + Level 2.4 Fighting
 + Level 2.4 Short Blades
 + Level 2.4 Long Blades
 + Level 2.4 Axes
 + Level 2.4 Maces & Flails
 + Level 2.4 Polearms
 + Level 2.4 Staves
 + Level 2.4 Slings
 + Level 2.4 Bows
 + Level 2.4 Crossbows
 + Level 2.4 Throwing
 + Level 2.4 Armour
 + Level 5.2 Dodging
 + Level 4.9 Stealth
 + Level 2.4 Shields
 + Level 2.4 Unarmed Combat
 + Level 5.6 Spellcasting
 + Level 7.4 Conjurations
 + Level 2.0 Hexes
 + Level 2.0 Charms
 + Level 2.0 Summonings
 + Level 2.0 Necromancy
 + Level 2.0 Translocations
 + Level 2.0 Transmutations
 + Level 2.0 Fire Magic
 + Level 2.0 Ice Magic
 + Level 2.0 Air Magic
 + Level 2.0 Earth Magic
 + Level 2.0 Poison Magic
 + Level 2.7 Invocations
 + Level 2.4 Evocations


You had 9 spell levels left.
You knew the following spells:

 Your Spells              Type           Power        Failure   Level  Hunger
a - Magic Dart            Conj           ####         1%          1    None
b - Iskenderun's Mystic   Conj           #####...     7%          4    ####...
c - Dazzling Spray        Conj/Hex       ###...       6%          3    ##.....

Your spell library contained the following spells:

 Spells                   Type           Power        Failure   Level  Hunger
 Searing Ray              Conj           #####.       1%          2    None
 Force Lance              Conj/Tloc      ###.....     21%         4    ####...
 Fulminant Prism          Conj/Hex       ###.......   21%         4    ####...


Dungeon Overview and Level Annotations

Branches:
Dungeon (5/15)             Temple (1/1) D:4

Altars:
Cheibriados
Hepliaklqana
Okawaru
Sif Muna
Uskayaw
Yredelemnul

Shops:
D:4 !

Annotations:
D:4 Pikel
D:5 Edmund


Innate Abilities, Weirdness & Mutations

Your experience applies equally to all skills.
You have very sharp teeth.
Your uncanny sense of smell can sniff out nearby items.


Message History

Aiming: Magic Dart (safe; 1% risk of failure)
Press: ? - help, Shift-Dir - straight line, f/p - Pikel
Aim: Pikel, wielding a whip of flaming and wearing an embroidered robe (almost The magic dart hits Pikel.
Pikel is almost dead.
Pikel hits you with a whip of flaming. Pikel burns you.
You hit Pikel but do no damage. Your bite misses Pikel.
Pikel is almost dead.
Pikel hits you with a whip of flaming. Pikel burns you.
* * * LOW HITPOINT WARNING * * *
You hit Pikel but do no damage.
Pikel is almost dead.
Pikel hits you with a whip of flaming.
* * * LOW HITPOINT WARNING * * *
Pikel burns you.
* * * LOW HITPOINT WARNING * * *
Pikel hits you with a whip of flaming.
* * * LOW HITPOINT WARNING * * *
Pikel burns you.
You die...

......####.........##
.....)##............#
....................#
....................##
.......####.)........#
.......## #..........#
........# #..........#
........# #.....K....#
........# #.....@....#
........# ##.........#
.......## ###......##
......## ########
.....## ######


You could see Pikel.

Vanquished Creatures
  A phantom (D:4)
  A slave (D:5)
  A scorpion (D:4)
  A crimson imp (D:2)
  A hound (D:4)
  An orc priest (D:3)
  2 orc wizards (D:4)
  A bullfrog skeleton (D:5)
  4 worker ants
  6 gnolls
  4 adders
  2 worms
  A dart slug (D:3)
  4 leopard geckos
  8 orcs
  2 ball pythons
  A giant cockroach (D:1)
  8 goblins
  5 hobgoblins
  14 jackals
  8 kobolds
  5 quokkas
  6 bats
  2 frilled lizards (D:1)
  A jackal skeleton (D:4)
  8 rats
98 creatures vanquished.

Notes
Turn   | Place    | Note
-------+----------+-------------------------------------------
     0 | D:1      | JedernureinKreuz the Gnoll Conjurer began the quest for the
                  | Orb.
     0 | D:1      | Reached XP level 1. HP: 13/13 MP: 6/6
   140 | D:1      | Reached XP level 2. HP: 14/19 MP: 1/7
   398 | D:1      | Reached XP level 3. HP: 24/25 MP: 5/9
   428 | D:1      | Reached skill level 5 in Spellcasting
   843 | D:2      | Reached skill level 1 in Invocations
  1076 | D:2      | Reached skill level 1 in Fighting
  1076 | D:2      | Reached skill level 1 in Short Blades
  1076 | D:2      | Reached skill level 1 in Long Blades
  1076 | D:2      | Reached skill level 1 in Axes
  1076 | D:2      | Reached skill level 1 in Maces & Flails
  1076 | D:2      | Reached skill level 1 in Polearms
  1076 | D:2      | Reached skill level 1 in Staves
  1076 | D:2      | Reached skill level 1 in Slings
  1076 | D:2      | Reached skill level 1 in Bows
  1076 | D:2      | Reached skill level 1 in Crossbows
  1076 | D:2      | Reached skill level 1 in Throwing
  1076 | D:2      | Reached skill level 1 in Armour
  1076 | D:2      | Reached skill level 1 in Shields
  1076 | D:2      | Reached skill level 1 in Unarmed Combat
  1076 | D:2      | Reached skill level 1 in Evocations
  1168 | D:2      | Reached XP level 4. HP: 32/32 MP: 7/11
  1410 | D:2      | Reached skill level 1 in Hexes
  1410 | D:2      | Reached skill level 1 in Charms
  1410 | D:2      | Reached skill level 1 in Summonings
  1410 | D:2      | Reached skill level 1 in Necromancy
  1410 | D:2      | Reached skill level 1 in Translocations
  1410 | D:2      | Reached skill level 1 in Transmutations
  1410 | D:2      | Reached skill level 1 in Fire Magic
  1410 | D:2      | Reached skill level 1 in Ice Magic
  1410 | D:2      | Reached skill level 1 in Air Magic
  1410 | D:2      | Reached skill level 1 in Earth Magic
  1410 | D:2      | Reached skill level 1 in Poison Magic
  1410 | D:2      | Reached XP level 5. HP: 37/37 MP: 5/12
  1416 | D:2      | Learned a level 4 spell: Iskenderun's Mystic Blast
  1420 | D:2      | Learned a level 3 spell: Dazzling Spray
  2251 | D:4      | Reached XP level 6. HP: 26/44 MP: 9/13
  2469 | D:4      | Found Jeofac's Distillery.
  2508 | D:4      | Found a staircase to the Ecumenical Temple.
  2608 | D:4      | HP: 2/44 [poisoned by a worker ant]
  3003 | D:4      | Reached skill level 5 in Dodging
  3300 | Temple   | Entered the Ecumenical Temple
  3324 | Temple   | Became a worshipper of Sif Muna the Loreminder
  3520 | D:4      | Noticed a phantom
  3539 | D:4      | Killed a phantom
  3539 | D:4      | Reached XP level 7. HP: 50/50 MP: 2/15
  3862 | D:5      | Entered Level 5 of the Dungeon
  3901 | D:5      | Noticed Edmund
  4436 | D:5      | Noticed Pikel
  4518 | D:4      | HP: 2/51 [Pikel/whip of flaming (5)]
  4518 | D:4      | Slain by Pikel

Skill      XL: |  1  2  3  4  5  6  7 |
---------------+----------------------+-----
Spellcasting   | 5 |  5.6
Invocations    | 1 2 |  2.7
Fighting       | 1 2 |  2.4
Short Blades   | 1 2 |  2.4
Long Blades    | 1 2 |  2.4
Axes           | 1 2 |  2.4
Maces & Flails | 1 2 |  2.4
Polearms       | 1 2 |  2.4
Staves         | 1 2 |  2.4
Slings         | 1 2 |  2.4
Bows           | 1 2 |  2.4
Crossbows      | 1 2 |  2.4
Throwing       | 1 2 |  2.4
Armour         | 1 2 |  2.4
Shields        | 1 2 |  2.4
Unarmed Combat | 1 2 |  2.4
Evocations     | 1 2 |  2.4
Hexes          | 1 2 |  2.0
Charms         | 1 2 |  2.0
Summonings     | 1 2 |  2.0
Necromancy     | 1 2 |  2.0
Translocations | 1 2 |  2.0
Transmutations | 1 2 |  2.0
Fire Magic     | 1 2 |  2.0
Ice Magic      | 1 2 |  2.0
Air Magic      | 1 2 |  2.0
Earth Magic    | 1 2 |  2.0
Poison Magic   | 1 2 |  2.0
Dodging        | 5 |  5.2
Stealth        | |  4.9
Conjurations   | |  7.4

Action                   |  1- 3 |  4- 6 |  7- 9 || total
-------------------------+-------+-------+-------++-------
Melee: Club              |    12 |       |       ||    12
       Short sword       |    15 |    42 |    15 ||    72
       Bite              |     1 |     7 |     4 ||    12
       Punch             |     1 |       |     1 ||     2
       Mace              |       |       |    42 ||    42
Throw: Tomahawk          |       |    10 |       ||    10
 Cast: Magic Dart        |    71 |   104 |    51 ||   226
       Iskenderun's Myst |       |     6 |     7 ||    13
       Dazzling Spray    |       |       |     1 ||     1
  Use: Scroll            |       |       |     8 ||     8
 Stab: Sleeping          |     1 |     1 |       ||     2
  Eat: Ration            |     1 |     1 |       ||     2
       Chunk             |       |     2 |     6 ||     8
Armor: Robe              |    10 |       |       ||    10
       Leather armour    |       |    11 |    22 ||    33
Dodge: Dodged            |    44 |    61 |    62 ||   167
